 Dungeon Crawl Stone Soup version 0.29-a0-923-g6e406bff71 (webtiles) character file.

Game seed: 16173115608671717798

602 Plasmagod the Covered (level 7, -2/61 HPs)
             Began as a Minotaur Fighter on July 28, 2022.
             Slain by a gnoll
             ... wielding a +0 halberd
             ... led by a gnoll bouda
              (7 damage)
             ... on level 5 of the Dungeon.
             The game lasted 00:08:28 (4374 turns).

Plasmagod the Covered (Minotaur Fighter)            Turns: 4374, Time: 00:08:29

Health: -2/61      AC:  8    Str: 20    XL:     7   Next: 18%
Magic:  6/6        EV: 10    Int:  5    God:
Gold:   259        SH:  5    Dex: 12    Spells: 6/6 levels left

rFire   . . .      SeeInvis .   l - +1 hand axe
rCold   . . .      Faith    .   c - +0 buckler
rNeg    . . .      Spirit   .   b - +0 scale mail
rPois   .          Reflect  .   (helmet unavailable)
rElec   +          Harm     .   (no cloak)
rCorr   .          Rampage  .   (no gloves)
Will    .....                   k - +0 pair of boots
Stlth   ..........              f - amulet of the acrobat
HPRegen 0.20/turn               (no ring)
MPRegen 0.10/turn               (no ring)

@: weakened
A: horns 3, retaliatory headbutt, electricity resistance
a: no special abilities


You were on level 5 of the Dungeon.
You visited 1 branch of the dungeon, and saw 5 of its levels.

You collected 259 gold pieces.

Inventory:

Hand Weapons
 l - a +1 hand axe (weapon)
Armour
 b - a +0 scale mail (worn)
 c - a +0 buckler (worn)
 k - a +0 pair of boots (worn)
Jewellery
 e - a ring of ice
 f - an amulet of the acrobat (around neck)
 t - a ring of flight
Scrolls
 h - 5 scrolls of identify
 n - 2 scrolls of teleportation
Potions
 j - a potion of mutation
 s - 2 potions of brilliance


   Skills:
 + Level 5.1 Fighting
 + Level 5.9 Axes
 + Level 6.3 Armour
 + Level 2.0 Dodging
 + Level 4.7 Shields


You had 6 spell levels left.
You didn't know any spells.
Your spell library contained the following spells:

 Spells                   Type           Power      Damage    Failure   Level
 Gell's Gravitas          Tloc           0%         N/A       99%         3
 Teleport Other           Tloc           0%         N/A       99%         3
 Dispersal                Tloc           0%         N/A       100%        6


Dungeon Overview and Level Annotations

Branches:
Dungeon (5/15)
 Temple: D:4-7

Altars:
Nemelex Xobeh
Ru
Uskayaw
Xom

Shops:
D:4 *


Innate Abilities, Weirdness & Mutations

You have a pair of large horns on your head.
You reflexively headbutt those who attack you in melee.
You are resistant to electric shocks. (rElec)


Message History

The orc closely misses you.
You miss the orc.
The orc is heavily wounded.
You hit something.
You feel less confused. You block the gnoll's attack.
Something hits you but does no damage. The orc hits you but does no damage.
You hit the orc.
You kill the orc!
You miss something. You block the gnoll's attack.
You hear some strange, mumbled words.
A puff of flame appears from out of thin air!
The puff of flame hits you!
* * * LOW HITPOINT WARNING * * *
You hit the gnoll. Your headbutt misses the gnoll.
The gnoll is heavily wounded.
You miss something. The gnoll barely misses you.
Something hits you but does no damage. The gnoll hits you but does no damage.
You barely miss the gnoll.
The gnoll is heavily wounded.
You hit the gnoll bouda. You completely miss something.
The gnoll barely misses you. Something hits you but does no damage.
The gnoll bouda calls upon its god to heal the gnoll.
The gnoll is healed somewhat.
The gnoll hits you with a +0 whip!
* * * LOW HITPOINT WARNING * * *
You barely miss the gnoll.
The gnoll is lightly wounded.
You hit the gnoll bouda. You hit something.
The gnoll hits you but does no damage. Something hits you.
* * * LOW HITPOINT WARNING * * *
You block the gnoll bouda's attack. The gnoll closely misses you.
You furiously retaliate!
You headbutt the gnoll. You hit the gnoll.
You kill the gnoll!
You hit something.
You hit the gnoll bouda but do no damage.
The gnoll hits you but does no damage. Something hits you but does no damage.
The gnoll bouda hits you but does no damage.
The gnoll hits you from afar with a +0 halberd!
You die...

# .# ######.#
#...... .....
g.. ..
####g####.
+..)@{..+.
#.#...#.#.##
#.#._.#.#..# .#
#.#...#.##.# .#
#
+.......'..##.#
#
####+####...#.#
# #......#.#.#
# ########.#.#
# #.#.# #


You could see a gnoll bouda and a gnoll (swift).

Vanquished Creatures
  Edmund (D:5)
  A water moccasin (D:4)
  Pargi (D:4)
  An orc priest (D:5)
  4 orc wizards
  Robin (D:2)
  5 adders
  2 gnolls (D:5)
  3 dart slugs
  8 orcs
  6 ball pythons
  8 endoplasms
  4 giant cockroaches
  6 hobgoblins
  3 quokkas
  5 bats
  A frilled lizard (D:1)
  13 goblins
  7 kobolds
  4 rats
84 creatures vanquished.

Notes
Turn   | Place    | Note
-------+----------+-------------------------------------------
     0 | D:1      | Plasmagod the Minotaur Fighter began the quest for the Orb.
     0 | D:1      | Reached XP level 1. HP: 19/19 MP: 0/0
   303 | D:1      | Reached XP level 2. HP: 19/27 MP: 1/1
   542 | D:1      | Reached skill level 4 in Armour
   858 | D:1      | Found a faded altar of an unknown god.
  1560 | D:2      | Reached XP level 3. HP: 32/34 MP: 2/2
  1870 | D:2      | Noticed Robin
  1884 | D:2      | Reached XP level 4. HP: 19/41 MP: 3/3
  1885 | D:2      | Gained mutation: You have a pair of large horns on your
                  | head. [potion of mutation]
  1885 | D:2      | Gained mutation: You are resistant to electric shocks.
                  | (rElec) [potion of mutation]
  1904 | D:2      | Killed Robin
  2114 | D:2      | Found a shimmering altar of Xom.
  2775 | D:3      | Found a hide-covered altar of Uskayaw.
  2790 | D:3      | Reached XP level 5. HP: 44/47 MP: 4/4
  3138 | D:4      | Reached skill level 5 in Armour
  3138 | D:4      | Reached skill level 1 in Dodging
  3322 | D:4      | Found Ohejifie's Serpentskin Sales.
  3322 | D:4      | Noticed a water moccasin
  3333 | D:4      | Killed a water moccasin
  3334 | D:4      | Reached skill level 5 in Axes
  3334 | D:4      | Reached XP level 6. HP: 29/53 MP: 5/5
  3625 | D:4      | Noticed Pargi
  3639 | D:4      | Killed Pargi
  3784 | D:4      | Found a sacrificial altar of Ru.
  3868 | D:5      | Entered Level 5 of the Dungeon
  3960 | D:5      | Noticed Edmund
  3973 | D:5      | Killed Edmund
  3974 | D:5      | Reached skill level 5 in Fighting
  3974 | D:5      | Reached skill level 6 in Armour
  3974 | D:5      | Reached XP level 7. HP: 7/61 MP: 6/6
  4339 | D:5      | Found a sparkling altar of Nemelex Xobeh.
  4374 | D:5      | Slain by a gnoll

Illustrated notes

Levels and vault maps discovered:
D:1:      scummos_arrival_forest, layout_loops_corners,
          dreamdust_ecumenical_altar_hidden_monk_grotto, grunt_decor_fettered,
          minivault_14, corexii_corridor_pit, hex_medium,
          corexii_item_surrounded_by_moat, nicolae_kite_square_tiling_tiny
D:2:      layout_basic, basic_altar, uniq_robin
D:3:      layout_basic, lemuel_crystal_altar
D:4:      layout_basic, general_overflow_altar, chequers_serial_rivers_micro_c,
          minmay_misc_feat_tiny, guppyfry_shop_venom, uniq_pargi
D:5:      layout_basic, led_sif_pool,
          chequers_temple_overflow_statue_of_worship,
          mainiacjoe_overflow_six_doors_small, uniq_edmund

Skill      XL: |  1  2  3  4  5  6  7 |
---------------+----------------------+-----
Fighting       | 4 5 |  5.1
Armour         | 4 5 6 |  6.3
Axes           | 3 4 5 |  5.9
Shields        | 4 |  4.7
Dodging        | 1 2 |  2.0

Action                   |  1- 3 |  4- 6 |  7- 9 || total
-------------------------+-------+-------+-------++-------
Melee: War axe           |    27 |       |       ||    27
       Headbutt          |     7 |    17 |     5 ||    29
       Hand axe          |    54 |   133 |    28 ||   215
  Use: Potion            |       |     4 |     1 ||     5
       Scroll            |       |    13 |       ||    13
Armor: Scale mail        |    44 |    62 |    26 ||   132
Dodge: Dodged            |    48 |    50 |    20 ||   118
Block: Buckler           |    14 |    36 |     8 ||    58

Table legend: (Time is in decaauts)
 A = Elapsed time spent in this place.
 B = Non-inter-level travel time spent in this place.
 C = Inter-level travel time spent in this place.
 D = Time resting spent in this place.
 E = Time spent auto-exploring this place.
 F = Levels seen in this place.
 G = Mean time per level.
                   A        B        C        D        E       F      G
               +--------+--------+--------+--------+--------+-----+--------+
         Total |   4417 |   4309 |    108 |    294 |   3449 |   5 |  883.4 |
       Dungeon |   4417 |   4309 |    108 |    294 |   3449 |   5 |  883.4 |
               +--------+--------+--------+--------+--------+-----+--------+

Top non-repeatable levels by time:
     D:1: 1326 daAuts
     D:2: 1022 daAuts
     D:4: 797 daAuts
     D:3: 763 daAuts
     D:5: 507 daAuts
